 Dungeon Crawl Stone Soup version 0.17.2-1-ge4368a0 (webtiles) character file.

191 Goblin1989 the Cudgeler (level 5, -11/41 HPs)
             Began as a Mummy Fighter on Oct 13, 2016.
             Shot with an arrow of frost by a centaur (14 damage)
             ... on level 5 of the Dungeon.
             The game lasted 00:06:17 (2599 turns).

Goblin1989 the Cudgeler (Mummy Fighter)             Turns: 2599, Time: 00:06:17

Health: -11/41     AC:  6    Str: 20    XL:     5   Next: 42%
Magic:  0/5        EV:  7    Int:  8    God:
Gold:   210        SH:  8    Dex: 11    Spells: 0 memorised, 4 levels left

rFire  x . .     SeeInvis .     a - +0 flail
rCold  + . .     Clarity  .     b - +0 scale mail
rNeg   + + +     SustAt   .     c - +0 shield
rPois  ∞         Gourm    .     (no helmet)
rElec  .         Spirit   +     (no cloak)
rCorr  .         Warding  .     (no gloves)
rMut   .         Stasis   .     (no boots)
MR     .....                    h - amulet of guardian spirit
Stlth  ..........               (no ring)
                                i - ring of wizardry

@: about to teleport, not resistant to hostile enchantments, extremely
unstealthy
A: no food or potions, fire vulnerability, cold resistance 1, negative energy
resistance 3, torment resistance, unbreathing
a: no special abilities


You were on level 5 of the Dungeon.
You were not hungry.

You visited 1 branch of the dungeon, and saw 7 of its levels.

You collected 210 gold pieces.

Inventory:

Hand Weapons
 a - a +0 flail (weapon)
Armour
 b - a +0 scale mail (worn)
 c - a +0 shield (worn)
Jewellery
 h - an amulet of guardian spirit (around neck)
 i - a ring of wizardry (left hand)
Scrolls
 d - 3 scrolls of fog
 e - a scroll of remove curse {unknown}
 f - 3 scrolls of identify {unknown}
 g - a scroll of immolation {unknown}


   Skills:
 - Level 3.0 Fighting
 + Level 4.7 Maces & Flails
 - Level 2.4 Armour
 - Level 2.4 Shields


You had 4 spell levels left.
You didn't know any spells.

Dungeon Overview and Level Annotations

Branches:
Dungeon (7/15)
 Temple: D:4-7

Altars:
Nemelex Xobeh
Trog

Shops:
D:4 =

Annotations:
D:2 Sigmund
D:5 Dowan, Duvessa


Innate Abilities, Weirdness & Mutations

You do not eat or drink.
Your flesh is vulnerable to fire.
You are immune to poison.
Your flesh is cold resistant.
You are immune to negative energy.
You are immune to unholy pain and torment.
You can survive without breathing.


Message History

You block the arrow of frost.
You see here an arrow of frost.
A phantom comes into view.
The centaur shoots an arrow of frost.
The arrow of frost hits you!
* * * LOW HITPOINT WARNING * * *
The arrow of frost freezes you.
* * * LOW HITPOINT WARNING * * *
The phantom blinks!
You take 7 damage, and have 10/41 hp.
You now have 1/5 mp.
Read which item? (? for menu, Esc to quit)
As you read the scroll of teleportation {@r4}, it crumbles to dust.
You feel strangely unstable.
The centaur shoots an arrow of frost.
The arrow of frost hits you.
* * * LOW HITPOINT WARNING * * *
The arrow of frost freezes you.
The centaur shoots an arrow of frost.
The arrow of frost hits you.
* * * LOW HITPOINT WARNING * * *
You take 8 damage, and have 2/41 hp.
You now have 0/5 mp.
The centaur shoots an arrow of frost.
The arrow of frost hits you!
You die...

.... ਜc.ਜ
ਜ..ਜ ਜ..ਜਜਜ
ਜ..ਜ..
..ਜ.ਜ ਜ.ਜ.ਜ
ਜਜ
ਜ(ਜ.ਜਜਜ..ਜਜ
ਜ@(........
ਜ.ਜ......ਜ
ਜ.ਜ.ਜ...ਜਜ
ਜ.ਜ.ਜ ਜ.ਜ
ਜ.ਜ.ਜ ਜ
ਜ.ਜlਜ ..ਜ.ਜ


ਜਜਜeਜ ..ਜ You could see a centaur.

Vanquished Creatures
  A hound (D:5)
  Jessica (D:2)
  Terence (D:3)
  5 adders
  2 worms
  A giant gecko (D:3)
  3 orcs (D:3)
  3 ball pythons
  4 giant cockroaches (D:3)
  6 hobgoblins
  4 jackals
  7 kobolds
  3 bats
  4 giant newts (D:1)
  4 goblins (D:1)
  2 quokkas
  3 rats (D:1)
54 creatures vanquished.

Notes
Turn   | Place    | Note
--------------------------------------------------------------
     0 | D:1      | Goblin1989 the Mummy Fighter began the quest for the Orb.
     0 | D:1      | Reached XP level 1. HP: 18/18 MP: 1/1
   312 | D:1      | Reached XP level 2. HP: 24/24 MP: 2/2
   964 | D:2      | Reached XP level 3. HP: 20/29 MP: 3/3
  1117 | D:2      | Noticed Sigmund
  1272 | D:2      | Noticed Jessica
  1296 | D:2      | Killed Jessica
  1296 | D:2      | Reached XP level 4. HP: 35/35 MP: 4/4
  1324 | D:2      | Found a sparkling altar of Nemelex Xobeh.
  1365 | D:3      | Noticed Terence
  1379 | D:3      | Killed Terence
  1565 | D:3      | Reached skill level 4 in Maces & Flails
  1771 | D:3      | Reached XP level 5. HP: 32/41 MP: 5/5
  2193 | D:4      | Found Ysmat's Jewellery Emporium.
  2238 | D:4      | You fall through a shaft for 3 floors!
  2315 | D:7      | Noticed a black bear
  2316 | D:7      | Found a bloodstained altar of Trog.
  2317 | D:7      | Noticed a black bear
  2569 | D:5      | Entered Level 5 of the Dungeon
  2590 | D:5      | Noticed Dowan
  2591 | D:5      | Noticed Duvessa
  2596 | D:5      | Noticed a centaur
  2597 | D:5      | Noticed a phantom
  2598 | D:5      | HP: 2/41 [centaur/arrow of frost (2)]
  2599 | D:5      | Shot with an arrow of frost by a centaur

Action                   |  1- 3 |  4- 6 || total
-------------------------+-------+-------++-------
Melee: Flail             |   143 |   137 ||   280
  Use: Scroll            |       |     3 ||     3

Vault maps used:
D:1:      mainiacjoe_arrival_reflecting_pool, minmay_misc_feat_roman
D:2:      nicolae_overflow_hidden_temple, kennysheep_generic_room_5, uniq_robin,
          uniq_sigmund, uniq_jessica
D:3:      minmay_surrounded, uniq_terence
D:4:      first_bread, serial_shops, shop
D:5:      lemuel_round_altar, lemuel_round_altar, kennysheep_another_room,
          nicolae_ru_the_path_less_chosen, uniq_blork_the_orc, uniq_duvessa
D:7:      trog_ov_bears_minmay, grunt_dithmenos_shadows, temple_fountains,
          the_bakery
